 Dungeon Crawl Stone Soup version 0.21-a0-71-g5e5ddd2 (webtiles) character file.

725 Ijustatesigmund the Cutter (level 7, -2/52 HPs)
             Began as an Octopode Assassin on June 17, 2017.
             Slain by a gnoll sergeant
             ... wielding a +0 trident
              (13 damage)
             ... on level 5 of the Dungeon on June 19, 2017.
             The game lasted 00:10:13 (3781 turns).

Ijustatesigmund the Cutter (Octopode Assassin)      Turns: 3781, Time: 00:10:15

Health: -2/52      AC:  1    Str: 10    XL:     7   Next: 71%
Magic:  7/7        EV: 13    Int: 14    God:
Gold:   222        SH:  0    Dex: 18    Spells: 6/6 levels left

rFire    . . .     SeeInvis .   n - +2 short sword (venom)
rCold    . . .     Gourm    .   (no shield)
rNeg     . . .     Faith    .   q - +0 hat
rPois    .         Spirit   .   (no amulet)
rElec    .         Reflect  .   g - +3 ring of dexterity
rCorr    .         Harm     .   (no ring)
MR       .....                  (no ring)
Stlth    ++++......             (no ring)
HPRegen  0.17/turn              (no ring)
MPRegen  0.10/turn              (no ring)
                                (no ring)
                                (no ring)

@: no status effects
A: almost no armour, stealthy swim, amphibious, 8 rings, constrict 8, camouflage
1, gelatinous body 1
a: no special abilities


You were on level 5 of the Dungeon.
You were not hungry.

You visited 1 branch of the dungeon, and saw 5 of its levels.

You collected 222 gold pieces.

Inventory:

Hand Weapons
 a - a +3 dagger
 b - a +0 blowgun
 n - a +2 short sword of venom (weapon)
Missiles
 c - 34 poisoned needles
 d - 2 curare-tipped needles
Armour
 q - a +0 hat (worn)
Jewellery
 g - a +3 ring of dexterity (left tentacle)
Wands
 i - a wand of scattershot (3/9)
Scrolls
 e - 2 scrolls of remove curse
 j - a scroll of teleportation
 m - a scroll of fog
 o - 3 scrolls of identify
Potions
 k - a potion of heal wounds
 r - a potion of curing
Comestibles
 f - a bread ration
 h - a meat ration


   Skills:
 + Level 6.0 Fighting
 + Level 6.2 Short Blades
 - Level 2.0 Throwing
 - Level 1.0 Dodging
 - Level 5.3 Stealth


You had 6 spell levels left.
You didn't know any spells.

Dungeon Overview and Level Annotations

Branches:
Dungeon (5/15)
 Temple: D:4-7

Altars:
Cheibriados
Qazlal
Ru
Sif Muna
Xom


Innate Abilities, Weirdness & Mutations

You cannot wear most types of armour.
You are very stealthy in the water. (Stealth+)
You are amphibious.
You can wear up to eight rings at the same time.
You can use your tentacles to constrict eight enemies at once.
Your skin changes colour to match your surroundings (Stealth+).
Your rubbery body absorbs attacks. (AC +1, EV +1)


Message History

The gnoll sergeant hits you from afar with a trident.
The gnoll sergeant misses you.
There is an open door here.
Things that are here:
a spear x2; a gnoll corpse You hit the gnoll sergeant but do no damage.
The gnoll sergeant is poisoned.
Your grab misses the gnoll sergeant. You hit the gnoll sergeant.
The gnoll sergeant looks as sick as possible!
Your grab misses the gnoll sergeant.
The gnoll sergeant is moderately wounded.
The gnoll sergeant hits you with a trident!
* * * LOW HITPOINT WARNING * * *
You hit the gnoll sergeant but do no damage.
The gnoll sergeant looks as sick as possible!
You grab the gnoll sergeant.
The gnoll sergeant is moderately wounded.
You constrict the gnoll sergeant.
The gnoll sergeant hits you with a trident!
You die...

### ##_## #########
##...## #.......#
#8...8####.......#
##...##..........###
##.###..........##.
##@#⌠#.....#######.
#⌠g..'.....# #.
##'#⌠#.....# #.
#.#####.#########.
..) ###...........
8..) #.............
##...#######.######.
##_## #.# #. ### #.#
##


You could see a gnoll sergeant.

Vanquished Creatures
  Eustachio (D:5)
  A phantom (D:5)
  2 ogres (D:4)
  4 orc wizards (D:3)
  A bullfrog skeleton (D:4)
  A worker ant (D:4)
  4 gnolls (D:5)
  4 adders
  2 oozes
  2 dart slugs (D:2)
  3 worms
  3 leopard geckos
  6 orcs (D:3)
  3 giant cockroaches
  6 hobgoblins
  9 kobolds
  2 quokkas
  6 bats
  20 frilled lizards
  2 goblins (D:1)
  A quokka skeleton (D:4)
  4 rats
87 creatures vanquished.

Vanquished Creatures (others)
  A plant (D:3)
1 creature vanquished.

Grand Total: 88 creatures vanquished

Notes
Turn   | Place    | Note
-------+----------+-------------------------------------------
     0 | D:1      | Ijustatesigmund the Octopode Assassin began the quest for the Orb.
     0 | D:1      | Reached XP level 1. HP: 14/14 MP: 1/1
   137 | D:1      | Reached XP level 2. HP: 15/19 MP: 2/2
   624 | D:2      | Found a sacrificial altar of Ru.
   752 | D:2      | Reached XP level 3. HP: 25/25 MP: 3/3
  1195 | D:2      | Found a stormy altar of Qazlal.
  1301 | D:2      | Reached XP level 4. HP: 30/31 MP: 4/4
  1603 | D:3      | Upgraded the game from 0.21-a0-67-g3f13d09 to 0.21-a0-71-g5e5ddd2
  1901 | D:3      | Reached XP level 5. HP: 18/37 MP: 5/5
  2367 | D:3      | Reached XP level 6. HP: 13/43 MP: 6/6
  2929 | D:4      | Reached skill level 5 in Fighting
  2929 | D:4      | Reached skill level 5 in Short Blades
  3123 | D:4      | Found a snail-covered altar of Cheibriados.
  3292 | D:4      | Reached XP level 7. HP: 33/50 MP: 7/7
  3490 | D:5      | Entered Level 5 of the Dungeon
  3492 | D:5      | Found a snail-covered altar of Cheibriados.
  3493 | D:5      | Noticed Eustachio
  3499 | D:5      | Killed Eustachio
  3571 | D:5      | Found a shimmering altar of Xom.
  3573 | D:5      | Found a deep blue altar of Sif Muna.
  3781 | D:5      | Slain by a gnoll sergeant

Vault maps used:
D:1:      minmay_arrival_stone_box, hex_tiny
D:2:      grunt_qazlal_clouds, first_bread, nicolae_ru_path_of_blood
D:3:      minmay_lizard_king
D:4:      kennysheep_big_flooded_room, cheibriados_altar_1
D:5:      kennysheep_six_static_rooms, amethyst_overflow_temple_binary,
          basic_altar, serial_shops, nicolae_shop_statue_plus, uniq_grinder,
          uniq_blork_the_orc, uniq_pikel, uniq_eustachio

Skill      XL: |  1  2  3  4  5  6  7 |
---------------+----------------------+-----
Short Blades   | 3 4 5 6 |  6.2
Fighting       | 3 4 5 6 |  6.0
Throwing       | |  2.0
Dodging        | |  1.0
Stealth        | |  5.3

Action                   |  1- 3 |  4- 6 |  7- 9 || total
-------------------------+-------+-------+-------++-------
Melee: Dagger            |    57 |    63 |       ||   120
       Constrict         |    15 |    21 |     4 ||    40
       Tentacles         |     7 |    21 |     6 ||    34
       Short sword       |       |    38 |    30 ||    68
 Fire: Blowgun           |     5 |    10 |       ||    15
Evoke: Wand              |       |       |     2 ||     2
  Use: Scroll            |     3 |     7 |     1 ||    11
       Potion            |     1 |     2 |       ||     3
 Stab: Sleeping          |     8 |     8 |     2 ||    18
  Eat: Chunk             |     1 |     6 |       ||     7
       Bread ration      |       |       |     1 ||     1
Armor: Skin              |     1 |     6 |     1 ||     8
Dodge: Dodged            |    29 |    42 |    10 ||    81
